 Dungeon Crawl Stone Soup version 0.28-a0-845-gfc338a8e3c (webtiles) character file.

Game seed: 334774890514432859

3485 mcbry74 the Cleaver (level 10, -7/90 HPs)
             Began as a Hill Orc Fighter on Nov 12, 2021.
             Was an Elder of Qazlal.
             Shot themself with a blast of ice (27 damage)
             ... on level 1 of the Lair of Beasts.
             The game lasted 00:30:17 (9622 turns).

mcbry74 the Cleaver (Hill Orc Fighter)              Turns: 9622, Time: 00:30:17

Health: -7/90      AC:  9    Str: 20    XL:     10   Next: 7%
Magic:  16/16      EV:  9    Int: 11    God:    Qazlal [****..]
Gold:   548        SH: 10    Dex: 16    Spells: 9/9 levels left

rFire   . . .      SeeInvis .   v - +3 hand axe (flame)
rCold   . . .      Faith    .   c - +0 buckler
rNeg    . . .      Spirit   .   b - +0 scale mail
rPois   +          Reflect  .   (no helmet)
rElec   .          Harm     .   n - +1 cloak
rCorr   .          Rampage  .   (no gloves)
Will    .....                   (no boots)
Stlth   ..........              (no amulet)
HPRegen 0.25/turn               D - +6 ring of dexterity
MPRegen 0.15/turn               A - ring of poison resistance

@: lethally poisoned (-7 -> -23), repel missiles
A: no striking features
a: Renounce Religion, Upheaval, Elemental Force


You were on level 1 of the Lair of Beasts.
You worshipped Qazlal.
Qazlal was greatly pleased with you.
You visited 2 branches of the dungeon, and saw 9 of its levels.
You also visited: Ossuary.

You collected 548 gold pieces.

Inventory:

Hand Weapons
 a - a +0 war axe
 v - a +3 hand axe of flaming (weapon)
Missiles
 u - 13 boomerangs of dispersal (quivered)
 B - 3 boomerangs
 C - 18 poisoned darts
Armour
 b - a +0 scale mail (worn)
 c - a +0 buckler (worn)
 n - a +1 cloak (worn)
Jewellery
 g - a ring of magical power
 A - a ring of poison resistance (right hand)
 D - a +6 ring of dexterity (left hand)
Wands
 m - a wand of polymorph (6)
 q - a wand of iceblast (10)
 E - a wand of flame (27)
Scrolls
 e - 9 scrolls of identify
 j - 2 scrolls of amnesia
 o - a scroll of torment {unknown}
 s - a scroll of brand weapon {unknown}
 t - 8 scrolls of teleportation {unknown}
 w - a scroll of magic mapping
 x - a scroll of enchant armour {unknown}
 y - a scroll of enchant weapon {unknown}
Potions
 d - 2 potions of might
 f - 3 potions of heal wounds {unknown}
 h - 6 potions of haste {unknown}
 i - 3 potions of mutation {unknown}
 k - 5 potions of lignification {unknown}
 l - a potion of magic {unknown}
 p - 2 potions of curing {unknown}
 r - 8 potions of resistance {unknown}
 z - a potion of attraction {unknown}


   Skills:
 + Level 8.9 Fighting
 * Level 12.9 Axes
 + Level 2.4 Throwing
 - Level 3.4 Armour
 - Level 3.4 Shields
 + Level 8.5 Invocations


You had 9 spell levels left.
You didn't know any spells.
Your spell library contained the following spells:

 Spells                   Type           Power      Damage    Failure   Level
 Sting                    Tmut/Pois      0%         1d3       71%         1
 Poisonous Vapours        Pois/Air       0%         N/A       85%         2
 Gell's Gravitas          Tloc           0%         N/A       97%         3
 Lesser Beckoning         Tloc           0%         N/A       97%         3
 Stone Arrow              Conj/Erth      0%         3d7       97%         3
 Teleport Other           Tloc           0%         N/A       97%         3
 Animate Armour           Summ/Erth      0%         N/A       100%        4
 Olgreb's Toxic Radiance  Pois           0%         N/A       100%        4
 Lehudib's Crystal Spear  Conj/Erth      0%         10d2      100%        8


Dungeon Overview and Level Annotations

Branches:
Dungeon (8/15)             Temple (0/1) D:5            Lair (1/6) D:8
Ossuary (visited)

Altars:
Gozag
Hepliaklqana
Nemelex Xobeh
Qazlal
Uskayaw
Xom
The Shining One

Shops:
D:1 :


Message History

The water moccasin barely misses you.
The black mamba bites you but does no damage.
You hit the black mamba but do no damage.
The black mamba is almost dead.
You closely miss the water moccasin. You block the water moccasin's attack.
The black mamba bites you but does no damage.
You barely miss the black mamba.
The black mamba is almost dead.
You hit the water moccasin. You burn the water moccasin.
The water moccasin barely misses you.
The black mamba bites you but does no damage.
You barely miss the black mamba.
The black mamba is almost dead.
You closely miss the water moccasin. The black mamba bites you!
* * * LOW HITPOINT WARNING * * *
You are poisoned.
The black mamba poisons you! The water moccasin closely misses you.
You hit the black mamba but do no damage.
The black mamba is almost dead.
You hit the water moccasin but do no damage.
You feel very sick. You block the black mamba's attack.
The water moccasin bites you but does no damage.
The black mamba bites you but does no damage.
Okay, then.
Aiming: Upheaval
Press: ? - help, Dir - move target, f - black mamba
Aim: a black mamba (severely wounded) That beam is likely to hit you.
Continue anyway?
Uppercase [Y]es or [N]o only, please.
That beam is likely to hit you.
Continue anyway?
A blizzard blasts the area with ice!
The blast of ice hits the water moccasin!!
You kill the water moccasin!
Qazlal accepts your kill.
The blast of ice hits the black mamba!!
You kill the black mamba!
Qazlal accepts your kill. The blast of ice hits you!!
You die...

.....
..(..
......
......
###=:....
#..§.....
#........
#@†......
#.†°......
##°..#....
#........
#...... .
##.......
.......
.......


There were no monsters in sight!

Vanquished Creatures
  A black mamba (Lair:1)
  A centaur zombie (D:6)
  2 wyverns
  3 water moccasins
  2 orc warriors
  A black bear (D:8)
  A hornet zombie (D:5)
  3 necrophages
  3 ogres (D:6)
  2 centaurs
  A kobold brigand (D:7)
  A bullfrog (D:8)
  3 scorpions
  2 wyvern skeletons (D:7)
  2 water moccasin skeletons (D:5)
  3 wights
  A howler monkey (D:8)
  2 hounds (D:6)
  A jelly (D:5)
  3 orc priests
  2 centaur skeletons (D:7)
  4 iguanas
  7 orc wizards
  A killer bee zombie (D:6)
  13 mummies (Ossuary)
  3 gnolls (D:2)
  9 adders
  2 shadow imps
  3 white imps
  A worm (D:2)
  A dart slug (D:2)
  26 orcs
  3 ball pythons
  A bat (D:3)
  5 endoplasms
  4 giant cockroaches
  4 goblins
  6 hobgoblins
  4 quokkas
  3 gnoll skeletons (Ossuary)
  12 kobolds
  A kobold skeleton (Ossuary)
  4 orc skeletons (Ossuary)
  7 rats
  11 rat skeletons (Ossuary)
175 creatures vanquished.

Vanquished Creatures (others)
  A plant (Lair:1)
1 creature vanquished.

Grand Total: 176 creatures vanquished

Notes
Turn   | Place    | Note
-------+----------+-------------------------------------------
     0 | D:1      | mcbry74 the Hill Orc Fighter began the quest for the Orb.
     0 | D:1      | Reached XP level 1. HP: 19/19 MP: 1/1
    58 | D:1      | Found a faded altar of an unknown god.
    70 | D:1      | Prayed at the altar of an unknown god.
    70 | D:1      | Became a worshipper of Qazlal Stormbringer
    70 | D:1      | Reached * piety under Qazlal
   238 | D:1      | Found Gysuug's Book Emporium.
   296 | D:1      | Reached XP level 2. HP: 25/27 MP: 2/2
   418 | D:1      | Reached skill level 3 in Axes
   980 | D:2      | Reached skill level 1 in Invocations
   980 | D:2      | Reached XP level 3. HP: 33/33 MP: 3/3
  1574 | D:2      | Reached skill level 4 in Axes
  1809 | D:2      | Reached XP level 4. HP: 41/41 MP: 5/5
  2070 | D:3      | Reached ** piety under Qazlal
  2297 | D:3      | Noticed a necrophage
  2307 | D:3      | Killed a necrophage
  2308 | D:3      | Reached skill level 5 in Axes
  2308 | D:3      | Reached XP level 5. HP: 41/47 MP: 5/7
  2351 | D:3      | You fall into a shaft and drop 1 floor!
  2437 | D:4      | Reached skill level 5 in Fighting
  2476 | D:4      | Noticed a necrophage
  2490 | D:4      | Killed a necrophage
  2491 | D:4      | Reached skill level 6 in Axes
  2491 | D:4      | Reached XP level 6. HP: 44/56 MP: 8/8
  3460 | D:4      | Found a hide-covered altar of Uskayaw.
  4085 | D:5      | Entered Level 5 of the Dungeon
  4171 | D:5      | Found a staircase to the Ecumenical Temple.
  4185 | D:5      | Reached XP level 7. HP: 56/61 MP: 8/10
  4418 | D:5      | Reached skill level 7 in Axes
  5101 | D:5      | Found a glowing golden altar of the Shining One.
  5101 | D:5      | Found a hazy altar of Hepliaklqana.
  5101 | D:5      | Found an opulent altar of Gozag.
  5152 | D:6      | Reached skill level 8 in Axes
  5152 | D:6      | Reached skill level 5 in Invocations
  5295 | D:6      | Reached XP level 8. HP: 45/71 MP: 10/12
  5801 | D:5      | Reached skill level 9 in Axes
  6381 | D:6      | Reached *** piety under Qazlal
  6642 | D:6      | Found a sparkling altar of Nemelex Xobeh.
  6653 | D:6      | Found a stormy altar of Qazlal.
  6732 | D:6      | Reached skill level 10 in Axes
  6915 | D:6      | Reached XP level 9. HP: 74/81 MP: 14/14
  7097 | D:6      | Reached skill level 11 in Axes
  7800 | D:7      | Found a shimmering altar of Xom.
  7800 | D:7      | Found a shimmering altar of Xom.
  7800 | D:7      | Found a shimmering altar of Xom.
  7800 | D:7      | Found a shimmering altar of Xom.
  7801 | D:7      | Found a shimmering altar of Xom.
  7801 | D:7      | Found a shimmering altar of Xom.
  7802 | D:7      | Found a shimmering altar of Xom.
  7803 | D:7      | Found a shimmering altar of Xom.
  7998 | D:7      | Reached skill level 12 in Axes
  8129 | D:7      | Reached skill level 1 in Throwing
  8558 | D:8      | Reached **** piety under Qazlal
  8586 | D:8      | Found a sand-covered staircase.
  8595 | Ossuary  | Entered an ossuary
  9232 | D:8      | Reached XP level 10. HP: 90/90 MP: 16/16
  9472 | D:8      | Found a staircase to the Lair.
  9602 | Lair:1   | Entered Level 1 of the Lair of Beasts
  9602 | Lair:1   | Noticed a black mamba
  9622 | Lair:1   | Killed a black mamba
  9622 | Lair:1   | Shot themself with a blast of ice

Illustrated notes

Levels and vault maps discovered:
D:1:      dpeg_arrival_prison, layout_basic, serial_shops, nicolae_diamond_shop,
          chequers_ecumenical_altar_simple_redux, serial_rivers,
          chequers_serial_rivers_marsh, chequers_serial_rivers_small_3,
          chequers_serial_rivers_large_a, chequers_serial_rivers_marsh,
          grunt_decor_arrowhead
D:2:      layout_basic
D:3:      layout_basic, minivault_26
D:4:      layout_basic, mainiacjoe_overflow_concentric_impassable,
          skrybe_limestone_x
D:5:      layout_loops_ring, gammafunk_temple_overflow_claw,
          minmay_temple_entry_statues_fountains
D:6:      layout_rooms, grunt_temple_overflow_open, kennysheep_small_spiral
D:7:      layout_basic, xom_redecorated, minmay_unpleasant_kobolds
D:8:      layout_gridville, lair_entry_dummy, nicolae_ossuary_entry_monument
Lair:1:   layout_hall_layers, minmay_holes, grunt_megastairs_3

Skill      XL: |  1  2  3  4  5  6  7  8  9 |
---------------+----------------------------+-----
Fighting       | 4 5 6 7 8 |  8.9
Axes           | 3 4 5 6 8 10 12 | 12.9
Invocations    | 1 2 3 4 5 7 8 |  8.5
Throwing       | 2 |  2.4
Armour         | |  3.4
Shields        | |  3.4

Action                   |  1- 3 |  4- 6 |  7- 9 | 10-12 || total
-------------------------+-------+-------+-------+-------++-------
Melee: War axe           |    87 |    93 |   285 |       ||   465
       Hand axe          |       |       |   137 |    31 ||   168
Throw: Throwing net      |       |       |     1 |       ||     1
       Boomerang         |       |       |     1 |       ||     1
  Use: Scroll            |       |       |     3 |       ||     3
 Stab: Held in net/web   |       |       |     3 |       ||     3
Armor: Scale mail        |    22 |    29 |   139 |    11 ||   201
Dodge: Dodged            |    29 |    35 |   135 |    11 ||   210
Block: Buckler           |    25 |    27 |   132 |    12 ||   196

Table legend: (Time is in decaauts)
 A = Elapsed time spent in this place.
 B = Non-inter-level travel time spent in this place.
 C = Inter-level travel time spent in this place.
 D = Time resting spent in this place.
 E = Time spent auto-exploring this place.
 F = Levels seen in this place.
 G = Mean time per level.
                   A        B        C        D        E       F      G
               +--------+--------+--------+--------+--------+-----+--------+
         Total |   9652 |   9372 |    280 |   2587 |   5168 |  10 |  965.2 |
       Dungeon |   9035 |   8755 |    280 |   2465 |   4824 |   8 | 1129.4 |
          Lair |     13 |     13 |      0 |      0 |      0 |   1 |   13.0 |
       Ossuary |    602 |    602 |      0 |    122 |    344 |   1 |  602.0 |
               +--------+--------+--------+--------+--------+-----+--------+

Top non-repeatable levels by time:
     D:5: 1832 daAuts
     D:6: 1371 daAuts
     D:4: 1366 daAuts
     D:2: 1106 daAuts
     D:7: 1014 daAuts
     D:1: 998 daAuts
     D:3: 923 daAuts
 Ossuary: 602 daAuts
     D:8: 422 daAuts
  Lair:1: 13 daAuts
